 Dungeon Crawl Stone Soup version 0.16.1 (webtiles) character file.

14 Sixotanaka the Stinger (level 2, -2/17 HPs)
             Began as an Octopode Venom Mage on Mar 27, 2015.
             Slain by a gnoll (8 damage)
             ... on level 1 of the Dungeon.
             The game lasted 00:03:23 (672 turns).

Sixotanaka the Stinger (Octopode Venom Mage)         Turns: 672, Time: 00:03:23

Health: -2/17      AC:  1    Str:  7    XL:     2   Next: 45%
Magic:  4/4        EV: 12    Int: 17    God:
Gold:   11         SH:  0    Dex: 12    Spells: 1 memorised, 4 levels left

rFire  x . .     SeeInvis .     (no weapon)
rCold  + . .     Clarity  .     (no shield)
rNeg   . . .     SustAb   .     (helmet restricted)
rPois  .         Gourm    .     (no amulet)
rElec  .         Spirit   .     j - ring of ice
rCorr  .         Warding  .     (no ring)
rMut   .         Stasis   .     (no ring)
MR     .....                    (no ring)
Stlth  +++.......               (no ring)
                                (no ring)
                                (no ring)
                                (no ring)

@: not resistant to hostile enchantments, fairly stealthy
A: almost no armour, amphibious, 8 rings, constrict 8, camouflage 1, gelatinous
body 1
a: no special abilities


You were on level 1 of the Dungeon.
You were not hungry.

You visited 1 branch of the dungeon, and saw 1 of its levels.

You collected 11 gold pieces.


Innate Abilities, Weirdness & Mutations

You cannot wear most types of armour.
You are amphibious.
You can wear up to eight rings at the same time.
You can use your tentacles to constrict many enemies at once.
Your skin changes colour to match your surroundings (Stealth).
Your rubbery body absorbs attacks (AC +1).


   Skills:
 - Level 2.0 Dodging
 - Level 2.6 Stealth
 - Level 2.0 Spellcasting
 + Level 1.8 Conjurations
 - Level 5.0 Poison Magic


You had 4 spell levels left.
You knew the following spells:

 Your Spells              Type           Power        Failure   Level  Hunger
z - Sting                 Conj/Pois      ##..         6%          1    #......


Dungeon Overview and Level Annotations

Branches:
Dungeon (1/15)

Altars:

Inventory:

Jewellery
 j - a ring of ice (left tentacle)
Scrolls
 a - a scroll of identify {unknown}
 d - a scroll of enchant armour {unknown}
 i - a scroll of blinking {unknown}
Potions
 e - a potion of curing {unknown}
 h - a potion of haste {unknown}
 l - 2 potions of heal wounds {unknown}
Books
 b - a Young Poisoner's Handbook
Comestibles
 c - a bread ration
 f - 2 chunks of flesh
 g - a meat ration
 k - a royal jelly

#...#÷..........#..
#...†##'#.#'#.#...#
#....##.#.#.#.....#
#.....#.#.#.#...#.#
#.......#..%......#
##....###.#.....#.#
#....###...........
#.......g#......##
##.......@...#$.#
#.#####..........
#.# #........# #.#
###......#
##.#####.#.##.#.#
#........#.# .#.
########.#.. .#
###.......###
#......##.#


You could see a gnoll.


Message History

A rat comes into view.
You see here a scroll labeled GRITSO SUDEO.
A rat is nearby!
A rat is nearby!
i - a scroll labeled GRITSO SUDEO
j - a copper ring
There are no items here.
Put on which piece of jewellery? (? for menu, Esc to quit)
You feel more attuned to ice.
j - a ring of ice (left tentacle)
The rat is too close now for your liking.
The sting hits the rat.
The rat is poisoned.
You kill the rat!
You spend a moment contemplating the meaning of life.
A kobold comes into view.
The kobold shouts!
A kobold is nearby!
The sting hits the kobold.
The kobold is poisoned.
You kill the kobold!
Okay, then.
You start resting.
A giant gecko comes into view.
A giant gecko is nearby!
A giant gecko is nearby!
Okay, then.
Unknown command.
You start resting.
The sting hits the giant gecko.
You kill the giant gecko!
Found a royal jelly.
You see here a kobold corpse.
Found 11 gold pieces.
You see here a giant gecko corpse.
You butcher the giant gecko corpse.
f - 3 chunks of flesh (gained 1)
You see here a giant gecko skeleton.
You start resting.
Found a ring mail and 2 green potions.
k - a royal jelly You now have 11 gold pieces.
l - 2 green potions A giant cockroach comes into view.
A giant cockroach is nearby!
The sting hits the giant cockroach.
The giant cockroach is poisoned.
The sting misses the giant cockroach.
The sting misses the giant cockroach.
You kill the giant cockroach!
You start resting.
You see here a giant cockroach corpse.
You butcher the giant cockroach corpse.
f - 4 chunks of flesh (gained 1) Some of the chunks of flesh in your inventory have rotted away.
A goblin comes into view.
A goblin is nearby!
The sting hits the goblin.
The goblin is poisoned.
You kill the goblin!
There is an open door here.
A gnoll comes into view.
The gnoll shouts!
The gnoll moves out of view.
Found 11 gold pieces.
You see here a goblin corpse.
You butcher the goblin corpse.
The gnoll hits you.
You see here a chunk of flesh.
There is an open door here.
Some of the chunks of flesh in your inventory have rotted away.
The sting misses the gnoll.
The gnoll hits you!
* * * LOW HITPOINT WARNING * * *
The gnoll hits you!
You die...

Action                   || total
-------------------------++-------
Melee: Unarmed           ||     5
 Cast: Sting             ||    30

Vault maps used:
D:1:      mrwooster_arrival_statue_3

Notes
Turn   | Place    | Note
--------------------------------------------------------------
     0 | D:1      | Sixotanaka, the Octopode Venom Mage, began the quest for the Orb.
     0 | D:1      | Reached XP level 1. HP: 11/11 MP: 3/3
   184 | D:1      | Reached skill level 1 in Conjurations
   379 | D:1      | Reached skill level 5 in Poison Magic
   379 | D:1      | Reached XP level 2. HP: 17/17 MP: 2/4
   672 | D:1      | Slain by a gnoll

Vanquished Creatures
  A ball python (D:1)
  A giant cockroach (D:1)
  A kobold (D:1)
  4 bats (D:1)
  A giant gecko (D:1)
  2 giant newts (D:1)
  2 goblins (D:1)
  5 rats (D:1)
17 creatures vanquished.
